 Dungeon Crawl Stone Soup version 0.30-a0-458-g86641cc369 (webtiles) character file.

Game seed: 17146574763169296204

66 bjtr the Firebug (level 4, 0/24 HPs)
             Began as a Gargoyle Fire Elementalist on Dec 15, 2022.
             Slain by Grinder (8 damage)
             ... on level 3 of the Dungeon.
             The game lasted 00:09:45 (2887 turns).

bjtr the Firebug (Gargoyle Fire Elementalist)       Turns: 2887, Time: 00:09:46

Health: 0/24       AC:  5    Str: 11    XL:     4   Next: 15%
Magic:  2/7        EV: 12    Int: 18    God:
Gold:   92         SH:  0    Dex: 10    Spells: 1/7 levels left

rFire   . . .      SeeInvis .    x - +0 quarterstaff
rCold   . . .      Faith    .    (shield currently unavailable)
rNeg    + . .      Spirit   .    a - +0 robe
rPois   ∞          Reflect  .    (no helmet)
rElec   +          Harm     .    d - scarf {repulsion}
rCorr   .          Rampage  .    (no gloves)
Will    .....                    (no boots)
Stlth   ++........               (no amulet)
HPRegen 0.24/turn                (no ring)
MPRegen 0.10/turn                (no ring)

@: repel missiles
A: sickness immunity, AC +3, negative energy resistance 1, electricity
resistance, torment resistance 1, petrification resistance
a: no special abilities


You were on level 3 of the Dungeon.
You visited 1 branch of the dungeon, and saw 3 of its levels.

You collected 92 gold pieces.

Inventory:

Hand Weapons
 c - a +0 short sword
 e - a +0 hand axe
 g - a +0 mace
 p - a +0 rapier
 x - a +0 quarterstaff (weapon)
Missiles
 h - 44 stones
 t - 6 poisoned darts
Armour
 a - a +0 robe (worn)
 d - a scarf of repulsion (worn)
 w - a +2 chain mail of fire resistance
Magical Staves
 k - a staff of poison
Jewellery
 n - a ring of fire
Scrolls
 f - 3 scrolls of identify
 i - 2 scrolls of enchant armour {unknown}
 l - a scroll of poison
 o - a scroll of noise {unknown}
 q - a scroll of amnesia
 r - a scroll of fear {unknown}
 s - 2 scrolls of teleportation {unknown}
 u - a scroll of butterflies {unknown}
 v - a scroll of magic mapping {unknown}
Potions
 b - a potion of magic
 j - 2 potions of curing
 m - a potion of cancellation


   Skills:
 * Level 0.7 Armour
 + Level 1.8 Dodging
 + Level 2.8 Stealth
 + Level 2.4 Spellcasting
 + Level 1.1 Conjurations
 * Level 3.9 Fire Magic


You had one spell level left.
You knew the following spells:

 Your Spells              Type           Power      Damage    Failure   Level
a - Foxfire               Conj/Fire      44%        2x1d6     6%          1
b - Scorch                Fire           32%        2d6       4%          2
c - Inner Flame           Hex/Fire       9%         N/A       22%         3

Your spell library contained the following spells:

 Spells                   Type           Power      Damage    Failure   Level
 Momentum Strike          Conj/Tloc      8%         3d8       21%         2
 Blink                    Tloc           4%         N/A       26%         2
 Kindle Blastsparks       Fire/Tloc/Air  12%        2d11      30%         3
 Stone Arrow              Conj/Erth      8%         3d7       38%         3
 Lesser Beckoning         Tloc           4%         N/A       45%         3
 Flame Wave               Conj/Fire      11%        2d6       52%         4
 Animate Armour           Summ/Erth      4%         N/A       86%         4
 Lehudib's Crystal Spear  Conj/Erth      2%         10d2      100%        8


Dungeon Overview and Level Annotations

Branches:
Dungeon (3/15)

Altars:

Annotations:
D:3 Grinder


Innate Abilities, Weirdness & Mutations

You are immune to sickness and miasma.
Your stone body is resilient. (AC +3)
You are immune to poison.
You resist negative energy. (rN+)
You are resistant to electric shocks. (rElec)
You are resistant to unholy torment.
You are immune to petrification.


Message History

x - a +0 quarterstaff
x - a +0 quarterstaff (weapon)
Found a stone staircase leading up.
Grinder comes into view.
Grinder shouts!
Grinder gestures at you. You resist with significant effort.
You see here 3 stones.
Casting: Foxfire (safe; 6% risk of failure)
Confirm with . or Enter, or press ? or * to list all spells.
Flames lash Grinder.
Grinder is moderately wounded.
Grinder's fire resistance burns away.
Casting: Scorch (safe; 4% risk of failure)
Confirm with . or Enter, or press ? or * to list all spells.
Flames lash Grinder.
Grinder is burned terribly!
Grinder is heavily wounded.
Grinder misses you.
Casting: Scorch (safe; 4% risk of failure)
Confirm with . or Enter, or press ? or * to list all spells.
Flames lash Grinder.
Grinder is burned terribly!
Grinder is heavily wounded.
Grinder hits you but does no damage. Grinder barely misses you.
You sock Grinder!
Grinder is severely wounded.
Grinder hits you.
You hit Grinder.
Grinder is almost dead.
Grinder hits you.
You writhe in agony.
Grinder closely misses you.
You hit Grinder.
Grinder is almost dead.
Grinder closely misses you.
You closely miss Grinder.
Grinder is almost dead.
Grinder hits you!
You hit Grinder.
Grinder is almost dead.
Grinder hits you!
You die...

#..#..#...........
####.###.###......
##....# #.#
##...#. #...### .#
###### #.#.#
...#.# ..## #.# ..
##(# . #@5# #..<.#
#..### #..# #..#
#.## #.# ###


You could see Grinder (combustible).

Vanquished Creatures
  2 adders (D:2)
  A dart slug (D:2)
  6 bats
  4 endoplasms
  3 giant cockroaches
  A goblin (D:1)
  3 hobgoblins (D:1)
  A quokka (D:2)
  8 ball pythons
  2 frilled lizards
  9 kobolds
  7 rats
47 creatures vanquished.

Vanquished Creatures (others)
  88 foxfires
88 creatures vanquished.

Grand Total: 135 creatures vanquished

Notes
Turn   | Place    | Note
-------+----------+-------------------------------------------
     0 | D:1      | bjtr the Gargoyle Fire Elementalist began the quest for the
                  | Orb.
     0 | D:1      | Reached XP level 1. HP: 10/10 MP: 3/3
   124 | D:1      | Reached XP level 2. HP: 15/15 MP: 1/5
   478 | D:1      | Learned a level 2 spell: Scorch
   494 | D:1      | Reached XP level 3. HP: 19/19 MP: 1/6
   555 | D:1      | Found a faded altar of an unknown god.
   607 | D:1      | Learned a level 3 spell: Inner Flame
  2144 | D:2      | Reached XP level 4. HP: 24/24 MP: 1/7
  2875 | D:3      | Noticed Grinder
  2887 | D:3      | Slain by Grinder

Illustrated notes

Levels and vault maps discovered:
D:1:      lemuel_arrival_river_passageway, layout_basic,
          hellmonk_ecumenical_altar_run_dry
D:2:      layout_basic, grunt_ministairs_12
D:3:      minmay_wonky_spiral, layout_rooms, uniq_grinder

Action                   |  1- 3 |  4- 6 || total
-------------------------+-------+-------++-------
Melee: Hand axe          |     5 |       ||     5
       Mace              |     2 |     1 ||     3
       Quarterstaff      |       |     5 ||     5
 Cast: Foxfire           |    44 |     4 ||    48
       Scorch            |    15 |     7 ||    22
  Use: Scroll            |     4 |     1 ||     5
Armor: Robe              |     9 |     4 ||    13
Dodge: Dodged            |    21 |    10 ||    31
       Repelled          |       |     1 ||     1

Table legend: (Time is in decaauts)
 A = Elapsed time spent in this place.
 B = Non-inter-level travel time spent in this place.
 C = Inter-level travel time spent in this place.
 D = Time resting spent in this place.
 E = Time spent auto-exploring this place.
 F = Levels seen in this place.
 G = Mean time per level.
                   A        B        C        D        E       F      G
               +--------+--------+--------+--------+--------+-----+--------+
         Total |   2899 |   2855 |     44 |     91 |   2308 |   3 |  966.3 |
       Dungeon |   2899 |   2855 |     44 |     91 |   2308 |   3 |  966.3 |
               +--------+--------+--------+--------+--------+-----+--------+

Top non-repeatable levels by time:
     D:2: 1623 daAuts
     D:1: 1162 daAuts
     D:3: 113 daAuts
